 Dungeon Crawl Stone Soup version 0.21.1-1-g345015fe64 (webtiles) character file.

46969 Peloso the Fencer (level 14, -10/127 HPs)
             Began as a Minotaur Fighter on July 13, 2018.
             Was a High Priest of Okawaru.
             Mangled by a spiny frog (29 damage)
             ... on level 6 of the Lair of Beasts.
             The game lasted 00:41:01 (19473 turns).

Peloso the Fencer (Minotaur Fighter)               Turns: 19473, Time: 00:41:01

Health: -10/127    AC: 20    Str: 27    XL:     14   Next: 6%
Magic:  0/13       EV: 10    Int:  5    God:    Okawaru [*****.]
Gold:   1562       SH:  0    Dex: 15    Spells: 13/13 levels left

rFire    . . .     SeeInvis .   a - +5 scimitar (flame)
rCold    x . .     Gourm    +   c - +0 shield
rNeg     . . .     Faith    .   b - +4 plate armour
rPois    +         Spirit   +   (helmet restricted)
rElec    +         Reflect  .   t - scarf {Spirit}
rCorr    .         Harm     .   (no gloves)
MR       +....                  (no boots)
Stlth    ..........             N - amulet of the gourmand
HPRegen  0.31/turn              K - ring "Xihalen" {rElec rPois rC- Str+2}
MPRegen  0.13/turn              T - +4 ring of dexterity

@: sleeping
A: retaliatory headbutt, horns 2
a: Heroism, Finesse, Renounce Religion


You were on level 6 of the Lair of Beasts.
You worshipped Okawaru.
Okawaru was extremely pleased with you.
You were completely stuffed.

You visited 2 branches of the dungeon, and saw 18 of its levels.
You also visited: Volcano.

You collected 1562 gold pieces.

Inventory:

Hand Weapons
 a - a +5 scimitar of flaming (weapon)
 B - a +2 scimitar of draining
 Q - a +2 falchion of holy wrath
Armour
 b - a +4 plate armour (worn)
 c - a +0 shield (worn)
 t - a scarf of spirit shield (worn)
 y - a +0 cloak of fire resistance
Jewellery
 e - an uncursed ring of magical power
 x - an uncursed ring of wizardry
 D - an uncursed ring of fire
 G - an uncursed ring of fire
 H - an uncursed ring of stealth
 K - the ring "Xihalen" (left hand) {rElec rPois rC- Str+2}
   (You acquired it on level 4 of the Lair of Beasts)

   [ring of poison resistance]

   It affects your strength (+2).
   It makes you vulnerable to cold.
   It insulates you from electricity.
   It protects you from poison.
 N - an amulet of the gourmand (around neck)
 P - an uncursed amulet of regeneration {unknown}
 T - a +4 ring of dexterity (right hand)
Wands
 r - a wand of polymorph (35)
 u - a wand of random effects (68)
 w - a wand of flame (32)
 A - a wand of clouds (6)
 E - a wand of iceblast (4)
 F - a wand of paralysis (25)
Scrolls
 g - 10 scrolls of teleportation
 h - 7 scrolls of magic mapping
 i - a scroll of fog
 j - 5 scrolls of enchant weapon
 l - 4 scrolls of amnesia
 o - 4 scrolls of identify
 p - 5 scrolls of remove curse
 z - a scroll of blinking
 L - a scroll of enchant armour
Potions
 d - a potion of resistance
 k - 4 potions of haste
 m - 3 potions of heal wounds
 n - 12 potions of curing
 q - 4 potions of berserk rage
 s - 5 potions of flight
 v - a potion of mutation
 I - 2 potions of agility
 M - a potion of magic
 O - a potion of ambrosia
 R - 3 potions of brilliance
Books
 C - a book of Conjurations

   Spells                             Type                      Level
   a - Magic Dart                     Conjuration                  1
   b - Searing Ray                    Conjuration                  2
   c - Dazzling Spray                 Conjuration/Hexes            3
   d - Fulminant Prism                Conjuration/Hexes            4
   e - Force Lance                    Conjuration/Translocation    4
   f - Iskenderun's Mystic Blast      Conjuration                  4
 J - a book of Cantrips

   Spells                             Type                      Level
   a - Confusing Touch                Hexes                        1
   b - Animate Skeleton               Necromancy                   1
   c - Summon Small Mammal            Summoning                    1
   d - Apportation                    Translocation                1
 S - a book of Callings

   Spells                             Type                      Level
   a - Summon Small Mammal            Summoning                    1
   b - Call Imp                       Summoning                    2
   c - Call Canine Familiar           Summoning                    3
   d - Summon Guardian Golem          Hexes/Summoning              3
   e - Summon Lightning Spire         Summoning/Air                4
   f - Summon Ice Beast               Ice/Summoning                4
Comestibles
 f - 42 rations


   Skills:
 + Level 12.8 Fighting
 + Level 15.2 Long Blades
 + Level 14.2 Armour
 + Level 3.8 Dodging
 + Level 2.5 Stealth
 + Level 15.0 Shields
 + Level 1.2 Invocations


You had 13 spell levels left.
You didn't know any spells.

Dungeon Overview and Level Annotations

Branches:
Dungeon (12/15)            Temple (0/1) D:7            Lair (6/6) D:10
  Swamp (0/4) Lair:4        Snake (0/4) Lair:2        Slime (0/5) Lair:5
    Orc (0/2) D:10

Altars:
Ashenzari
Fedhas
Okawaru
Ru
Xom
Jiyva

Shops:
D:12 (

Annotations:
Lair:3 exclusion: oklob plant
Lair:5 1 runed door


Innate Abilities, Weirdness & Mutations

You reflexively headbutt those who attack you in melee.
You have a pair of horns on your head.


Message History

You block the black bear's attack. x2; The black bear closely misses you.
You hear a bleat!
You hit the spiny frog. You burn the spiny frog.
Your headbutt misses the spiny frog.
The spiny frog is lightly wounded.
The spiny frog stings you but does no damage.
The black bear barely misses you. You furiously retaliate!
You headbutt the black bear.
You riposte.
You hit the black bear. You burn the black bear. You headbutt the black bear.
The black bear is heavily wounded.
The black bear claws you but does no damage.
You block the black bear's attack. The spiny frog closely misses you.
You riposte.
You barely miss the spiny frog. You headbutt the spiny frog!
The spiny frog is moderately wounded.
You see here a yak corpse.
The dream sheep shake their wool and sparkle.
You feel drowsy...
You fall asleep.
The spiny frog stings you!!
You die...

........♣♣
...♣ ♣†♣♣
.......♣♣
..♣♣♣..♣♣
......♣♣
♣.♣....♣
......♣
♣.....♣♣
...<..♣
♣♣.♣♣.♣
.....♣♣
♣.♣♣ .♣
....♣♣
♣♣.♣ ..
....♣ ♣..♣
♣.♣ ....♣
♣♣@♣♣ .♣
....♣ ♣.F♣
...♣♣
♣.h♣♣ ....
♣♣..♣
....♣ ♣♣Y♣
.....
♣Y)Y..♣
......
♣♣YY.♣♣
...♣ ....♣


You could see a spiny frog, a black bear and 3 dream sheep.

Vanquished Creatures
  A red draconian (Volcano)
  Josephine (D:11)
  6 hydras
  3 two-headed ogres
  2 centaur warriors
  The ghost of
  359359 the Martial Artist, a journeyman OpTm of Gozag (D:10)
  5 death yaks
  A queen ant (Lair:2)
  An unseen horror (D:12)
  The ghost of Thargor the Shield-Bearer, a novice GrFi of Okawaru (D:6)
  A cyclops (D:12)
  A manticore (D:12)
  7 elephants
  2 black mambas (Lair:5)
  2 molten gargoyles (Volcano)
  A gargoyle (D:8)
  9 spiny frogs
  A rime drake (Lair:3)
  A yaktaur (Volcano)
  An efreet (D:9)
  5 komodo dragons
  Grinder (D:6)
  7 trolls
  3 hornets
  8 hippogriffs
  11 blink frogs
  4 spriggans (Lair:6)
  7 fire bats (Volcano)
  6 wraiths
  8 yaks
  2 wyverns
  2 hungry ghosts
  2 basilisks
  The ghost of
  359359 the Insei, an amateur OpTm (D:3)
  4 wargs (D:10)
  9 soldier ants (Lair:2)
  Menkaure (D:5)
  3 nagas (Lair:2)
  9 water moccasins
  7 porcupines
  5 orc warriors
  2 sky beasts
  Purgy (D:3)
  4 ice beasts
  5 phantoms
  4 black bears
  3 necrophages
  An eye of draining (D:12)
  8 centaurs
  3 ogres
  12 wolves
  A boggart (Lair:6)
  3 crocodiles
  11 bullfrogs
  7 scorpions
  13 killer bees
  5 wights
  2 electric eels (Lair:1)
  3 howler monkeys
  7 lava snakes (Volcano)
  3 crimson imps
  2 jellies
  5 bullfrog zombies
  3 centaur zombies
  Crazy Yiuf (D:3)
  2 bullfrog skeletons
  4 hounds
  8 orc priests
  A gnoll shaman (D:8)
  10 orc wizards
  3 iguanas
  18 worker ants
  Natasha (thrice) (D:2)
  A hound skeleton (D:8)
  A mummy (D:7)
  2 worker ant zombies
  13 adders
  5 gnolls (D:8)
  A howler monkey skeleton (D:7)
  5 shadow imps
  2 adder zombies
  2 adder skeletons
  A worm (D:3)
  2 dart slugs
  5 leopard geckos
  36 orcs
  2 ball pythons
  8 giant cockroaches
  10 goblins
  7 hobgoblins
  8 jackals
  5 quokkas
  A ball python skeleton (D:3)
  8 bats
  6 frilled lizards
  6 kobolds
  A leopard gecko skeleton (D:5)
  A leopard gecko zombie (D:7)
  9 rats
  2 fungi
461 creatures vanquished.

Vanquished Creatures (others)
  A fungus (Lair:5)
  8 plants
9 creatures vanquished.

Grand Total: 470 creatures vanquished

Notes
Turn   | Place    | Note
-------+----------+-------------------------------------------
     0 | D:1      | Peloso the Minotaur Fighter began the quest for the Orb.
     0 | D:1      | Reached XP level 1. HP: 19/19 MP: 0/0
   257 | D:1      | Reached XP level 2. HP: 26/27 MP: 1/1
   864 | D:2      | Reached XP level 3. HP: 33/33 MP: 2/2
  1090 | D:2      | Noticed Natasha
  1097 | D:2      | Killed Natasha
  1097 | D:2      | Reached XP level 4. HP: 25/40 MP: 3/3
  1231 | D:2      | Noticed Natasha
  1236 | D:2      | Killed Natasha
  1256 | D:2      | Noticed Natasha
  1270 | D:2      | Killed Natasha
  1383 | D:3      | Noticed 359359's ghost (amateur OpTm)
  1396 | D:3      | Killed 359359's ghost
  1396 | D:3      | Reached skill level 5 in Armour
  1396 | D:3      | Reached XP level 5. HP: 44/47 MP: 4/4
  1473 | D:3      | Reached XP level 6. HP: 53/53 MP: 5/5
  1515 | D:3      | Found an iron altar of Okawaru.
  1517 | D:3      | Noticed Purgy
  1538 | D:3      | Killed Purgy
  1538 | D:3      | Reached skill level 5 in Long Blades
  1538 | D:3      | Reached skill level 5 in Shields
  1569 | D:3      | Became a worshipper of Warmaster Okawaru
  2320 | D:3      | Found a runed door.
  2324 | D:3      | Noticed Crazy Yiuf
  2337 | D:3      | Killed Crazy Yiuf
  2659 | D:4      | Found a sacrificial altar of Ru.
  2789 | D:4      | Reached XP level 7. HP: 60/60 MP: 6/6
  3112 | D:4      | Reached skill level 5 in Fighting
  3635 | D:5      | Entered Level 5 of the Dungeon
  3782 | D:5      | Found an iron altar of Okawaru.
  3800 | D:5      | Reached * piety under Okawaru
  3800 | D:5      | Reached skill level 1 in Dodging
  3814 | D:5      | Reached XP level 8. HP: 52/69 MP: 7/7
  3985 | D:5      | Noticed Menkaure
  3999 | D:5      | Killed Menkaure
  4418 | D:6      | Noticed Thargor's ghost (novice GrFi)
  4671 | D:6      | Killed Thargor's ghost
  4671 | D:6      | Reached ** piety under Okawaru
  4729 | D:6      | Found a shattered altar of Ashenzari.
  5072 | D:6      | Reached XP level 9. HP: 53/78 MP: 8/8
  5380 | D:6      | Noticed Grinder
  5391 | D:6      | Killed Grinder
  5638 | D:7      | Found a blossoming altar of Fedhas.
  5765 | D:7      | Reached *** piety under Okawaru
  5951 | D:7      | Found a staircase to the Ecumenical Temple.
  6296 | D:8      | Noticed a gargoyle
  6318 | D:8      | Killed a gargoyle
  6318 | D:8      | Reached skill level 10 in Long Blades
  6319 | D:8      | Noticed a troll
  6335 | D:8      | Killed a troll
  6335 | D:8      | Reached XP level 10. HP: 67/87 MP: 9/9
  6357 | D:8      | Reached skill level 1 in Stealth
  6588 | D:8      | Reached **** piety under Okawaru
  7488 | D:9      | Noticed a two-headed ogre
  7504 | D:9      | Killed a two-headed ogre
  7504 | D:9      | Reached skill level 10 in Shields
  7804 | D:9      | Noticed a two-headed ogre
  7812 | D:9      | Killed a two-headed ogre
  7812 | D:9      | Reached ***** piety under Okawaru
  7812 | D:9      | Reached skill level 10 in Armour
  7958 | D:9      | Received a gift from Okawaru
  8145 | D:9      | Reached XP level 11. HP: 91/94 MP: 10/10
  8640 | D:10     | Entered Level 10 of the Dungeon
  8907 | D:10     | Found a staircase to the Lair.
  8997 | D:10     | Found a staircase to the Orcish Mines.
  9000 | D:10     | Noticed 359359's ghost (journeyman OpTm)
  9011 | D:10     | Killed 359359's ghost
  9558 | D:11     | Noticed a six-headed hydra
  9574 | D:11     | Killed a one-headed hydra
  9574 | D:11     | Received a gift from Okawaru
  9588 | D:11     | Reached skill level 1 in Invocations
  9633 | D:11     | Received a gift from Okawaru
  9859 | D:11     | Noticed Josephine
  9870 | D:11     | Killed Josephine
 10122 | D:12     | Found Zoefuijun's Weapon Emporium.
 10431 | D:11     | Reached skill level 10 in Fighting
 10442 | D:12     | Received a gift from Okawaru
 10442 | D:12     | Reached XP level 12. HP: 95/105 MP: 11/11
 10721 | D:12     | Noticed a centaur warrior
 10729 | D:12     | Killed a centaur warrior
 10765 | D:12     | Noticed a two-headed ogre
 10776 | D:12     | Killed a two-headed ogre
 11547 | Lair:1   | Entered Level 1 of the Lair of Beasts
 12376 | Lair:2   | Received a gift from Okawaru
 12503 | Lair:2   | Noticed a queen ant
 12520 | Lair:2   | Killed a queen ant
 13422 | Lair:2   | Found a staircase to the Snake Pit.
 13483 | Lair:2   | Noticed a four-headed hydra
 13490 | Lair:2   | Killed a one-headed hydra
 13490 | Lair:2   | Received a gift from Okawaru
 14099 | Lair:3   | Noticed a six-headed hydra
 14108 | Lair:3   | Killed a three-headed hydra
 14433 | Lair:3   | Noticed a seven-headed hydra
 14444 | Lair:3   | Killed a two-headed hydra
 14444 | Lair:3   | Reached XP level 13. HP: 50/115 MP: 6/12
 15090 | Lair:4   | Found a staircase to the Swamp.
 15109 | Lair:4   | Found a dark tunnel.
 15138 | Volcano  | Entered a volcano
 15633 | Volcano  | Found a bloodstained altar of Trog.
 15719 | Volcano  | Noticed a red draconian
 15741 | Volcano  | Killed a red draconian
 16058 | Volcano  | Received a gift from Okawaru
 17056 | Lair:4   | Identified a scroll of acquirement
 17059 | Lair:4   | Got a wavering ivory ring
 17061 | Lair:4   | Identified the ring "Xihalen" {rElec rPois rC- Str+2} (You acquired it on level 4 of the Lair of Beasts)
 17115 | Lair:5   | Found a runed door.
 17115 | Lair:5   | Found a viscous altar of Jiyva.
 17118 | Lair:5   | Found a staircase to the Slime Pits.
 17118 | Lair:5   | Noticed an acid blob
 17359 | Lair:5   | Got a polished chain mail
 17370 | Lair:5   | Identified the cursed +1 chain mail "Kunk" {rC+ rN+ Int+4 Dex-5} (You found it on level 5 of the Lair of Beasts)
 17407 | Lair:5   | Found a shimmering altar of Xom.
 18035 | Lair:6   | Entered Level 6 of the Lair of Beasts
 18779 | Lair:6   | Reached skill level 15 in Long Blades
 18780 | Lair:6   | Received a gift from Okawaru
 19421 | Lair:6   | Reached XP level 14. HP: 122/127 MP: 13/13
 19437 | Lair:6   | Reached skill level 15 in Shields
 19473 | Lair:6   | Mangled by a spiny frog

Skill      XL: |  1  2  3  4  5  6  7  8  9 10 11 12 13 14 |
---------------+-------------------------------------------+-----
Fighting       | 4 5 6 7 8 10 11 12 | 12.8
Armour         | 4 5 6 8 9 10 12 14 | 14.2
Shields        | 4 5 6 7 9 10 11 13 14 15 | 15.0
Long Blades    | 3 4 5 7 8 10 12 14 15 | 15.2
Dodging        | 1 2 3 |  3.8
Stealth        | 1 2 |  2.5
Invocations    | 1 |  1.2

Action                   |  1- 3 |  4- 6 |  7- 9 | 10-12 | 13-15 || total
-------------------------+-------+-------+-------+-------+-------++-------
Melee: Long sword        |    91 |    50 |       |       |       ||   141
       Headbutt          |    12 |    27 |    66 |   171 |    89 ||   365
       Falchion          |       |   105 |   326 |   136 |       ||   567
       Scimitar          |       |       |       |   651 |   335 ||   986
Invok: Heroism           |       |       |     2 |     4 |     2 ||     8
Evoke: Wand              |       |       |       |     2 |       ||     2
  Use: Scroll            |       |     9 |     5 |    10 |     7 ||    31
       Potion            |       |       |     1 |       |     1 ||     2
  Eat: Chunk             |       |     5 |     7 |    36 |    20 ||    68
       Ration            |       |       |     2 |       |       ||     2
Armor: Scale mail        |    31 |       |       |       |       ||    31
       Plate armour      |    26 |    84 |   143 |   314 |   218 ||   785
       Skin              |       |     5 |       |       |       ||     5
Dodge: Dodged            |    20 |    23 |    62 |   101 |   138 ||   344
Block: Shield            |    52 |    70 |   156 |   417 |   317 ||  1012
       Rpst.: Long sword |     5 |     3 |       |       |       ||     8
       Falchion          |       |     2 |    12 |     7 |       ||    21
       Scimitar          |       |       |       |    17 |    26 ||    43
